Sharks vs Ducks
(Rivalry)
Created - oktober 9 2010 at 21:32
Goals
|
| Sharks |
1 |
0 |
2 |
3 |
| Ducks |
0 |
1 |
0 |
1 |
|
Shots
|
| Sharks |
7 |
6 |
11 |
24 |
| Ducks |
12 |
6 |
5 |
23 |
|
Period #1
1. Sharks , Antoine Vermette 1 (Francois Beauchemin, Johan Franzen) at 8:58
Penalties :
T.J. Oshie (SJS) for Cross-checking (Minor) at 3:01, Kari Lehtonen (SJS) for Slashing (Minor) at 3:39 - Rick Nash served the penalty., Jeff Finger (ANH) for Hooking (Minor) at 5:41, Ethan Moreau (ANH) for Fighting (Major) at 9:48, Jody Shelley (SJS) for Fighting (Major) at 9:48, Jody Shelley (SJS) for instigated a fight (Game Misconduct) at 9:48, Johan Franzen (SJS) for Roughing (Minor) at 19:53
Period #2
2. Ducks , Teemu Selanne 1 (Christian Ehrhoff, Brenden Morrow) at 7:09
Penalties :
Ryan Kesler (ANH) for Roughing (Minor) at 3:30, Joe Thornton (SJS) for Interference (Minor) at 7:40, Travis Moen (SJS) for Interference (Minor) at 11:30, Johan Franzen (SJS) for Tripping (Minor) at 13:25, Ryan Whitney (ANH) for High sticking (Minor) at 19:38
Period #3
3. Sharks , Dan Boyle 1 (Rick Nash, Joe Thornton) at 0:27 (PP)
4. Sharks , Nicklas Lidstrom 1 (Rick Nash, Joe Thornton) at 11:57
Penalties :
Brenden Morrow (ANH) for Hooking (Minor) at 1:03, Braydon Coburn (ANH) for Slashing (Minor) at 8:13, Dave Bolland (SJS) for Holding (Minor) at 8:13, Johan Franzen (SJS) for Holding Stick (Minor) at 11:59, Ryan Getzlaf (ANH) for Tripping (Minor) at 16:50
Goalie Stats
Kari Lehtonen (SJS), 22 saves from 23 shots - (0,957), W, 1-0-0, 60:00 minutes
Miikka Kiprusoff (ANH), 21 saves from 24 shots - (0,875), L, 0-1-0, 60:00 minutes
Players Stats
Sharks
Player Name G A P +/- PIM S H SB FO MP
------------------------------------------------------------
Antoine Vermette 1 0 1 0 0 2 1 0 13/22 17
Dan Boyle 1 0 1 0 0 2 0 3 0/0 23
Daniel Winnik 0 0 0 0 0 0 0 0 1/1 7
Dave Bolland 0 0 0 0 2 1 0 0 3/6 16
Francois Beauchemin 0 1 1 1 0 2 1 1 0/0 21
James Wisniewski 0 0 0 0 0 2 0 0 0/0 21
Jody Shelley 0 0 0 0 17 0 0 0 0/0 1
Joe Thornton 0 2 2 1 2 2 2 0 11/21 21
Johan Franzen 0 1 1 0 6 5 2 0 4/9 18
Kyle Okposo 0 0 0 0 0 1 0 0 0/0 13
Matt Gilroy 0 0 0 0 0 0 3 1 0/0 17
Mike Weaver 0 0 0 0 0 1 1 0 0/0 13
Nicklas Lidstrom 1 0 1 1 0 2 2 2 0/0 23
Nik Antropov 0 0 0 1 0 0 0 0 0/0 18
Rick Nash 0 2 2 1 0 1 1 1 0/2 18
T.J. Oshie 0 0 0 0 2 3 1 0 0/1 13
Torrey Mitchell 0 0 0 0 0 0 0 0 5/10 9
Travis Moen 0 0 0 0 2 0 0 1 0/1 15
|
Ducks
Player Name G A P +/- PIM S H SB FO MP
------------------------------------------------------------
Ben Eager 0 0 0 -1 0 1 0 0 0/0 8
Braydon Coburn 0 0 0 -2 2 0 2 2 0/0 20
Brenden Morrow 0 1 1 1 2 2 2 0 0/0 15
Christian Ehrhoff 0 1 1 1 0 0 1 0 0/0 23
Devin Setoguchi 0 0 0 0 0 1 0 0 0/1 14
Ethan Moreau 0 0 0 0 5 0 0 0 0/0 11
Gregory Campbell 0 0 0 -1 0 0 2 0 4/11 12
James Neal 0 0 0 -1 0 2 2 0 0/1 19
Jay McClement 0 0 0 0 0 0 3 0 8/15 17
Jeff Finger 0 0 0 0 2 2 2 0 0/0 14
Mark Giordano 0 0 0 -1 0 4 2 1 0/0 15
Phil Kessel 0 0 0 -1 0 3 0 0 2/3 19
Ryan Getzlaf 0 0 0 1 2 2 2 0 10/19 16
Ryan Kesler 0 0 0 -1 2 1 1 0 12/21 20
Ryan Whitney 0 0 0 0 2 2 6 1 0/0 22
Scott Walker 0 0 0 -1 0 0 3 0 0/1 8
Teemu Selanne 1 0 1 1 0 2 0 0 0/1 14
Tom Gilbert 0 0 0 0 0 1 0 0 0/0 21
|
3 Stars
1 - Kari Lehtonen (SJS)
2 - Nicklas Lidstrom (SJS)
3 - Rick Nash (SJS)
Power Play
Sharks - 1 on 5 Attempt(s) - 20,00%
Ducks - 0 on 8 Attempt(s) - 0,00%
Penalty Kill
Sharks - 8 on 8 Attempt(s) - 100,00%
- Score 0 goal in Penalty Kill
Ducks - 4 on 5 Attempt(s) - 80,00%
- Score 0 goal in Penalty Kill
Game Notes
Jody Shelley beats up Ethan Moreau at 9:48 of 1st period
Jody Shelley ejected from game at 9:48 of 1st period
Mark Giordano is injured at 0:50 of 3rd period (Flu)
Finance
Level 1 -- Attendance: 4410 (77,03%) -- Ticket Income 441 000,00 kr
Level 2 -- Attendance: 3767 (78,96%) -- Ticket Income 226 020,00 kr
Level 3 -- Attendance: 1493 (78,25%) -- Ticket Income 52 255,00 kr
Level 4 -- Attendance: 3816 (100,00%) -- Ticket Income 76 320,00 kr
Luxury Box -- Attendance: 735 (77,04%) -- Ticket Income 147 000,00 kr
Game was played at the Honda Center
Total Attendance: 14221 (82,81%)
Total Ticket Income: 967 039,40 kr
Other Income: 418 236,60 kr
Total Income: 1 385 276,00 kr
Team Lines
Sharks
5 vs 5
Center Left Wing Right Wing Defense Defense
1 Joe Thornton Rick Nash Nik Antropov Nicklas Lidstrom Dan Boyle
2 Antoine Vermette Johan Franzen T.J. Oshie James Wisniewski Francois Beauchemin
3 Dave Bolland Travis Moen Kyle Okposo Matt Gilroy Mike Weaver
4 Torrey Mitchell Jody Shelley Daniel Winnik Nicklas Lidstrom Dan Boyle
Power Play
Center Left Wing Right Wing Defense Defense
1 Joe Thornton Rick Nash Nik Antropov Nicklas Lidstrom Dan Boyle
2 Antoine Vermette Johan Franzen T.J. Oshie James Wisniewski Francois Beauchemin
Penalty Kill - 4 Players
Center Wing Defense Defense
1 Joe Thornton Rick Nash Nicklas Lidstrom Dan Boyle
2 Johan Franzen Nik Antropov James Wisniewski Francois Beauchemin
4 vs 4
Center Wing Defense Defense
1 Joe Thornton Rick Nash Nicklas Lidstrom Dan Boyle
2 Johan Franzen Nik Antropov James Wisniewski Francois Beauchemin
Penalty Kill - 3 Players
Forward Defense Defense
1 Joe Thornton Nicklas Lidstrom Dan Boyle
2 Rick Nash James Wisniewski Francois Beauchemin
Goaltenders
Starting : Kari Lehtonen
Backup : Michael Leighton
Extra Forwards
Joe Thornton, Rick Nash, Johan Franzen, Nik Antropov, Antoine Vermette
Extra Defensemen
Nicklas Lidstrom, Dan Boyle, James Wisniewski, Francois Beauchemin, Matt Gilroy
Penalty Shots
Joe Thornton, Rick Nash, Johan Franzen, Nik Antropov, Antoine Vermette
Coach Strategy
Physical Style: 1 - Defense Style: 2 - Offense Style: 2
Ducks
5 vs 5
Center Left Wing Right Wing Defense Defense
1 Ryan Getzlaf Brenden Morrow Teemu Selanne Christian Ehrhoff Ryan Whitney
2 Ryan Kesler James Neal Phil Kessel Mark Giordano Braydon Coburn
3 Jay McClement Ethan Moreau Devin Setoguchi Jeff Finger Tom Gilbert
4 Gregory Campbell Ben Eager Scott Walker Christian Ehrhoff Ryan Whitney
Power Play
Center Left Wing Right Wing Defense Defense
1 Ryan Getzlaf Brenden Morrow Teemu Selanne Christian Ehrhoff Ryan Whitney
2 Ryan Kesler James Neal Phil Kessel Mark Giordano Tom Gilbert
Penalty Kill - 4 Players
Center Wing Defense Defense
1 Jay McClement Ethan Moreau Mark Giordano Braydon Coburn
2 Gregory Campbell Devin Setoguchi Christian Ehrhoff Tom Gilbert
4 vs 4
Center Wing Defense Defense
1 Ryan Getzlaf Teemu Selanne Christian Ehrhoff Ryan Whitney
2 Ryan Kesler Brenden Morrow Mark Giordano Tom Gilbert
Penalty Kill - 3 Players
Forward Defense Defense
1 Jay McClement Mark Giordano Braydon Coburn
2 Gregory Campbell Christian Ehrhoff Tom Gilbert
Goaltenders
Starting : Miikka Kiprusoff
Backup : Pascal Leclaire
Extra Forwards
Ryan Getzlaf, Teemu Selanne, Ryan Kesler, Phil Kessel, Brenden Morrow
Extra Defensemen
Christian Ehrhoff, Ryan Whitney, Mark Giordano, Braydon Coburn, Tom Gilbert
Penalty Shots
Ryan Getzlaf, Teemu Selanne, Ryan Kesler, Phil Kessel, Brenden Morrow
Coach Strategy
Physical Style: 0 - Defense Style: 2 - Offense Style: 3
Play by Play
Period #1
0:01 of 1st period - Joe Thornton wins face-off versus Ryan Getzlaf in neutral zone.
0:08 of 1st period - Shot by Teemu Selanne.
0:08 of 1st period - Stopped by Kari Lehtonen without a rebound.
0:09 of 1st period - Ryan Kesler wins face-off versus Antoine Vermette in Sharks zone.
0:42 of 1st period - Shot by Johan Franzen.
0:42 of 1st period - Shot Misses the Net.
0:44 of 1st period - Shot by Francois Beauchemin.
0:44 of 1st period - Shot Misses the Net.
0:48 of 1st period - Shot by Johan Franzen.
0:48 of 1st period - Stopped by Miikka Kiprusoff with a rebound.
1:12 of 1st period - Shot by Brenden Morrow.
1:12 of 1st period - Shot Blocked by Rick Nash.
1:36 of 1st period - Shot by Ryan Getzlaf.
1:36 of 1st period - Shot Blocked by Nicklas Lidstrom.
1:38 of 1st period - Shot by Ryan Getzlaf.
1:38 of 1st period - Stopped by Kari Lehtonen without a rebound.
1:39 of 1st period - Jay McClement wins face-off versus Dave Bolland in Sharks zone.
1:53 of 1st period - Off-side.
1:54 of 1st period - Torrey Mitchell wins face-off versus Gregory Campbell in neutral zone.
1:54 of 1st period - Nicklas Lidstrom is hit by Gregory Campbell and loses puck.
2:01 of 1st period - Nicklas Lidstrom is hit by Ryan Whitney.
2:16 of 1st period - Icing by Gregory Campbell.
2:17 of 1st period - Antoine Vermette wins face-off versus Gregory Campbell in Ducks zone.
2:17 of 1st period - Antoine Vermette is hit by Ryan Whitney.
2:26 of 1st period - Off-side.
2:27 of 1st period - Jay McClement wins face-off versus Dave Bolland in neutral zone.
2:50 of 1st period - Shot by Devin Setoguchi.
2:50 of 1st period - Shot Misses the Net.
2:52 of 1st period - Shot by Jeff Finger.
2:52 of 1st period - Stopped by Kari Lehtonen without a rebound.
2:53 of 1st period - Antoine Vermette wins face-off versus Ryan Kesler in Sharks zone.
3:00 of 1st period - Shot by T.J. Oshie.
3:00 of 1st period - Deflect By Johan Franzen.
3:00 of 1st period - Stopped by Miikka Kiprusoff without a rebound.
3:01 of 1st period - Ryan Kesler wins face-off versus T.J. Oshie in Ducks zone.
3:01 of 1st period - Minor Penalty to T.J. Oshie for Cross-checking.
3:02 of 1st period - Johan Franzen wins face-off versus Phil Kessel in Sharks zone.
3:02 of 1st period - Johan Franzen is hit by James Neal.
3:37 of 1st period - Shot by Ryan Kesler.
3:37 of 1st period - Shot Blocked by Dan Boyle.
3:39 of 1st period - Shot by Mark Giordano.
3:39 of 1st period - Stopped by Kari Lehtonen without a rebound.
3:39 of 1st period - Minor Penalty to Kari Lehtonen for Slashing.
3:40 of 1st period - Joe Thornton wins face-off versus Ryan Getzlaf in Sharks zone.
3:40 of 1st period - Joe Thornton is hit by Brenden Morrow.
3:53 of 1st period - Icing by Ryan Whitney.
3:54 of 1st period - Joe Thornton wins face-off versus Ryan Getzlaf in Ducks zone.
3:54 of 1st period - James Wisniewski is hit by Ryan Whitney and loses puck.
4:22 of 1st period - Shot by Ryan Whitney.
4:22 of 1st period - Stopped by Kari Lehtonen without a rebound.
4:23 of 1st period - Phil Kessel wins face-off versus Joe Thornton in Sharks zone.
4:26 of 1st period - Shot by Tom Gilbert.
4:26 of 1st period - Shot Misses the Net.
4:28 of 1st period - Shot by Mark Giordano.
4:28 of 1st period - Stopped by Kari Lehtonen without a rebound.
4:29 of 1st period - Ryan Kesler wins face-off versus Joe Thornton in Sharks zone.
5:41 of 1st period - Minor Penalty to Jeff Finger for Hooking.
5:42 of 1st period - Antoine Vermette wins face-off versus Jay McClement in Ducks zone.
6:38 of 1st period - Shot by Joe Thornton.
6:38 of 1st period - Deflect By Rick Nash.
6:38 of 1st period - Shot Blocked by Braydon Coburn.
6:42 of 1st period - Shot by Joe Thornton.
6:42 of 1st period - Stopped by Miikka Kiprusoff without a rebound.
6:43 of 1st period - Joe Thornton wins face-off versus Gregory Campbell in Ducks zone.
6:43 of 1st period - Joe Thornton is hit by Christian Ehrhoff.
7:38 of 1st period - Shot by James Wisniewski.
7:38 of 1st period - Stopped by Miikka Kiprusoff without a rebound.
7:39 of 1st period - Jay McClement wins face-off versus Antoine Vermette in Ducks zone.
8:52 of 1st period - Shot by Johan Franzen.
8:52 of 1st period - Deflect By Antoine Vermette.
8:52 of 1st period - Shot Misses the Net.
8:54 of 1st period - Shot by Francois Beauchemin.
8:54 of 1st period - Shot Misses the Net.
8:58 of 1st period - Shot by Antoine Vermette.
8:58 of 1st period - Goal by Antoine Vermette - Sharks : 1 - Ducks : 0.
8:59 of 1st period - Torrey Mitchell wins face-off versus Scott Walker in neutral zone.
8:59 of 1st period - Dan Boyle is hit by Scott Walker and loses puck.
9:32 of 1st period - Daniel Winnik is hit by Scott Walker and loses puck.
9:48 of 1st period - Jody Shelley beats up Ethan Moreau.
9:48 of 1st period - Penalty to Ethan Moreau for Fighting.
9:48 of 1st period - Penalty to Jody Shelley for Fighting.
9:48 of 1st period - Penalty to Jody Shelley for instigated a fight.
9:48 of 1st period - Jody Shelley is ejected from game.
9:49 of 1st period - Johan Franzen wins face-off versus Ryan Kesler in Ducks zone.
9:56 of 1st period - Shot by Johan Franzen.
9:56 of 1st period - Stopped by Miikka Kiprusoff without a rebound.
9:57 of 1st period - Ryan Kesler wins face-off versus Johan Franzen in Ducks zone.
9:57 of 1st period - Ryan Kesler is hit by Johan Franzen.
10:43 of 1st period - Shot by Christian Ehrhoff.
10:43 of 1st period - Shot Misses the Net.
10:47 of 1st period - Shot by Ryan Getzlaf.
10:47 of 1st period - Stopped by Kari Lehtonen with a rebound.
10:49 of 1st period - Shot by Ryan Whitney.
10:49 of 1st period - Stopped by Kari Lehtonen without a rebound.
10:50 of 1st period - Joe Thornton wins face-off versus Ryan Getzlaf in Sharks zone.
11:34 of 1st period - Icing by Ryan Kesler.
11:35 of 1st period - Johan Franzen wins face-off versus James Neal in Ducks zone.
11:47 of 1st period - Joe Thornton is hit by Jeff Finger and loses puck.
12:09 of 1st period - Icing by Dave Bolland.
12:10 of 1st period - Dave Bolland wins face-off versus Gregory Campbell in Sharks zone.
12:26 of 1st period - Ryan Whitney is hit by Matt Gilroy.
13:05 of 1st period - Shot by Mark Giordano.
13:05 of 1st period - Shot Misses the Net.
13:09 of 1st period - Shot by Ryan Kesler.
13:09 of 1st period - Shot Blocked by Francois Beauchemin.
13:11 of 1st period - Shot by Ryan Kesler.
13:11 of 1st period - Stopped by Kari Lehtonen with a rebound.
13:21 of 1st period - Shot by Phil Kessel.
13:21 of 1st period - Stopped by Kari Lehtonen without a rebound.
13:22 of 1st period - Joe Thornton wins face-off versus Devin Setoguchi in Sharks zone.
14:11 of 1st period - Off-side.
14:12 of 1st period - Ryan Kesler wins face-off versus Antoine Vermette in neutral zone.
14:12 of 1st period - Ryan Kesler is hit by Johan Franzen.
14:20 of 1st period - Shot by Ryan Kesler.
14:20 of 1st period - Deflect By Phil Kessel.
14:20 of 1st period - Shot Misses the Net.
14:23 of 1st period - Ryan Kesler is hit by Francois Beauchemin and loses puck.
14:26 of 1st period - Shot by Ryan Kesler.
14:26 of 1st period - Shot Misses the Net.
14:28 of 1st period - Shot by Mark Giordano.
14:28 of 1st period - Stopped by Kari Lehtonen without a rebound.
14:29 of 1st period - Torrey Mitchell wins face-off versus Gregory Campbell in Sharks zone.
14:29 of 1st period - Torrey Mitchell is hit by Scott Walker.
15:05 of 1st period - Shot by Ben Eager.
15:05 of 1st period - Shot Misses the Net.
15:07 of 1st period - Shot by Scott Walker.
15:07 of 1st period - Shot Blocked by Nicklas Lidstrom.
15:22 of 1st period - Icing by Braydon Coburn.
15:23 of 1st period - Dave Bolland wins face-off versus Ryan Kesler in Ducks zone.
16:19 of 1st period - Shot by T.J. Oshie.
16:19 of 1st period - Stopped by Miikka Kiprusoff with a rebound.
16:53 of 1st period - Shot by Rick Nash.
16:53 of 1st period - Shot Misses the Net.
16:56 of 1st period - Rick Nash is hit by Jeff Finger and loses puck.
17:07 of 1st period - Shot by Rick Nash.
17:07 of 1st period - Shot Hit the Post.
17:45 of 1st period - Shot by Travis Moen.
17:45 of 1st period - Shot Misses the Net.
18:53 of 1st period - Shot by Jay McClement.
18:53 of 1st period - Deflect By Ben Eager.
18:53 of 1st period - Stopped by Kari Lehtonen without a rebound.
18:54 of 1st period - Antoine Vermette wins face-off versus Ryan Kesler in Sharks zone.
18:54 of 1st period - Antoine Vermette is hit by James Neal.
19:04 of 1st period - Icing by Ryan Kesler.
19:05 of 1st period - Ryan Kesler wins face-off versus Rick Nash in Ducks zone.
19:17 of 1st period - Ryan Kesler is hit by Joe Thornton and loses puck.
19:21 of 1st period - Icing by Ryan Kesler.
19:22 of 1st period - Antoine Vermette wins face-off versus Ryan Kesler in Ducks zone.
19:53 of 1st period - Minor Penalty to Johan Franzen for Roughing.
19:54 of 1st period - Joe Thornton wins face-off versus Ryan Getzlaf in Sharks zone.
Period #2
0:01 of 2nd period - Joe Thornton wins face-off versus Ryan Getzlaf in neutral zone.
0:58 of 2nd period - Nicklas Lidstrom is hit by Ryan Kesler and loses puck.
1:32 of 2nd period - Shot by Mark Giordano.
1:32 of 2nd period - Stopped by Kari Lehtonen without a rebound.
1:33 of 2nd period - Antoine Vermette wins face-off versus Ryan Getzlaf in Sharks zone.
1:58 of 2nd period - Jeff Finger is hit by Mike Weaver and loses puck.
2:47 of 2nd period - Shot by Rick Nash.
2:47 of 2nd period - Stopped by Miikka Kiprusoff without a rebound.
2:48 of 2nd period - Ryan Kesler wins face-off versus Torrey Mitchell in Ducks zone.
3:04 of 2nd period - Dan Boyle is hit by Braydon Coburn and loses puck.
3:30 of 2nd period - Minor Penalty to Ryan Kesler for Roughing.
3:31 of 2nd period - Gregory Campbell wins face-off versus Antoine Vermette in Ducks zone.
3:31 of 2nd period - Gregory Campbell is hit by T.J. Oshie.
3:51 of 2nd period - Off-side.
3:52 of 2nd period - Antoine Vermette wins face-off versus Gregory Campbell in neutral zone.
4:42 of 2nd period - Joe Thornton is hit by Mark Giordano and loses puck.
5:01 of 2nd period - Nicklas Lidstrom is hit by Jay McClement and loses puck.
5:06 of 2nd period - Shot by Braydon Coburn.
5:06 of 2nd period - Shot Misses the Net.
5:43 of 2nd period - Shot by Dave Bolland.
5:43 of 2nd period - Stopped by Miikka Kiprusoff without a rebound.
5:44 of 2nd period - Dave Bolland wins face-off versus Ryan Kesler in Ducks zone.
7:05 of 2nd period - Shot by Brenden Morrow.
7:05 of 2nd period - Stopped by Kari Lehtonen with a rebound.
7:09 of 2nd period - Shot by Teemu Selanne.
7:09 of 2nd period - Goal by Teemu Selanne - Sharks : 1 - Ducks : 1.
7:10 of 2nd period - Torrey Mitchell wins face-off versus Jay McClement in neutral zone.
7:40 of 2nd period - Minor Penalty to Joe Thornton for Interference.
7:41 of 2nd period - Ryan Getzlaf wins face-off versus Johan Franzen in Sharks zone.
7:53 of 2nd period - Shot by Teemu Selanne.
7:53 of 2nd period - Shot Misses the Net.
8:00 of 2nd period - Icing by Ryan Whitney.
8:01 of 2nd period - Johan Franzen wins face-off versus Ryan Getzlaf in Ducks zone.
8:10 of 2nd period - Rick Nash is hit by Ryan Getzlaf and loses puck.
9:51 of 2nd period - Daniel Winnik is hit by Jay McClement.
11:09 of 2nd period - Phil Kessel is hit by Matt Gilroy and loses puck.
11:17 of 2nd period - Phil Kessel is hit by Matt Gilroy and loses puck.
11:30 of 2nd period - Minor Penalty to Travis Moen for Interference.
11:31 of 2nd period - Ryan Getzlaf wins face-off versus Johan Franzen in Sharks zone.
12:45 of 2nd period - Shot by Phil Kessel.
12:45 of 2nd period - Stopped by Kari Lehtonen without a rebound.
12:46 of 2nd period - Ryan Getzlaf wins face-off versus Joe Thornton in Sharks zone.
13:25 of 2nd period - Minor Penalty to Johan Franzen for Tripping.
13:26 of 2nd period - Ryan Kesler wins face-off versus Rick Nash in Sharks zone.
13:27 of 2nd period - Shot by Phil Kessel.
13:27 of 2nd period - Shot Misses the Net.
13:29 of 2nd period - Shot by Ryan Kesler.
13:29 of 2nd period - Shot Misses the Net.
13:33 of 2nd period - Shot by Tom Gilbert.
13:33 of 2nd period - Stopped by Kari Lehtonen without a rebound.
13:34 of 2nd period - Antoine Vermette wins face-off versus Teemu Selanne in Sharks zone.
14:22 of 2nd period - Rick Nash is hit by Ryan Getzlaf and loses puck.
15:34 of 2nd period - Shot by Johan Franzen.
15:34 of 2nd period - Stopped by Miikka Kiprusoff with a rebound.
15:38 of 2nd period - Shot by Francois Beauchemin.
15:38 of 2nd period - Stopped by Miikka Kiprusoff without a rebound.
15:39 of 2nd period - Jay McClement wins face-off versus Torrey Mitchell in Ducks zone.
16:04 of 2nd period - Shot by Devin Setoguchi.
16:04 of 2nd period - Stopped by Kari Lehtonen with a rebound.
16:06 of 2nd period - Shot by Ethan Moreau.
16:06 of 2nd period - Shot Blocked by Matt Gilroy.
16:08 of 2nd period - Shot by Tom Gilbert.
16:08 of 2nd period - Shot Blocked by Dan Boyle.
16:52 of 2nd period - Shot by T.J. Oshie.
16:52 of 2nd period - Shot Misses the Net.
17:41 of 2nd period - Phil Kessel is hit by Nicklas Lidstrom.
18:48 of 2nd period - Icing by Dan Boyle.
18:49 of 2nd period - Ryan Getzlaf wins face-off versus Joe Thornton in Sharks zone.
19:00 of 2nd period - Ryan Getzlaf is hit by Joe Thornton and loses puck.
19:11 of 2nd period - Shot by James Wisniewski.
19:11 of 2nd period - Shot Blocked by Ryan Whitney.
19:21 of 2nd period - Shot by Johan Franzen.
19:21 of 2nd period - Deflect By T.J. Oshie.
19:21 of 2nd period - Shot Misses the Net.
19:32 of 2nd period - Johan Franzen is hit by Ryan Whitney and loses puck.
19:38 of 2nd period - Minor Penalty to Ryan Whitney for High sticking.
19:39 of 2nd period - Antoine Vermette wins face-off versus Jay McClement in Ducks zone.
19:39 of 2nd period - Antoine Vermette is hit by Mark Giordano.
19:45 of 2nd period - Shot by T.J. Oshie.
19:45 of 2nd period - Shot Misses the Net.
19:49 of 2nd period - Shot by Antoine Vermette.
19:49 of 2nd period - Shot Misses the Net.
19:53 of 2nd period - Shot by Johan Franzen.
19:53 of 2nd period - Stopped by Miikka Kiprusoff with a rebound.
19:57 of 2nd period - Shot by T.J. Oshie.
19:57 of 2nd period - Stopped by Miikka Kiprusoff without a rebound.
19:58 of 2nd period - Joe Thornton wins face-off versus Gregory Campbell in Ducks zone.
19:59 of 2nd period - Shot by Rick Nash.
19:59 of 2nd period - Shot Misses the Net.
Period #3
0:01 of 3rd period - Jay McClement wins face-off versus Joe Thornton in neutral zone.
0:27 of 3rd period - Shot by Dan Boyle.
0:27 of 3rd period - Goal by Dan Boyle - Sharks : 2 - Ducks : 1.
0:28 of 3rd period - Ryan Getzlaf wins face-off versus Antoine Vermette in neutral zone.
0:34 of 3rd period - Icing by Antoine Vermette.
0:35 of 3rd period - Ryan Kesler wins face-off versus Antoine Vermette in Sharks zone.
0:48 of 3rd period - Shot by Johan Franzen.
0:48 of 3rd period - Shot Hit the Post.
0:50 of 3rd period - Shot by T.J. Oshie.
0:50 of 3rd period - Shot Blocked by Mark Giordano.
0:50 of 3rd period - Mark Giordano from Ducks is injured at 0:50 of 3rd period (Flu).
0:51 of 3rd period - Ryan Getzlaf wins face-off versus Dave Bolland in Ducks zone.
1:03 of 3rd period - Minor Penalty to Brenden Morrow for Hooking.
1:04 of 3rd period - Jay McClement wins face-off versus Joe Thornton in Ducks zone.
1:29 of 3rd period - Shot by Joe Thornton.
1:29 of 3rd period - Shot Misses the Net.
1:36 of 3rd period - Icing by Joe Thornton.
1:37 of 3rd period - Joe Thornton wins face-off versus Jay McClement in Sharks zone.
1:37 of 3rd period - Joe Thornton is hit by Jay McClement.
2:06 of 3rd period - Icing by T.J. Oshie.
2:07 of 3rd period - Antoine Vermette wins face-off versus Jay McClement in Sharks zone.
3:23 of 3rd period - Shot by James Neal.
3:23 of 3rd period - Stopped by Kari Lehtonen without a rebound.
3:24 of 3rd period - Daniel Winnik wins face-off versus Jay McClement in Sharks zone.
3:41 of 3rd period - Shot by Jeff Finger.
3:41 of 3rd period - Stopped by Kari Lehtonen without a rebound.
3:42 of 3rd period - Ryan Kesler wins face-off versus Travis Moen in Sharks zone.
4:13 of 3rd period - Shot by Phil Kessel.
4:13 of 3rd period - Stopped by Kari Lehtonen with a rebound.
4:19 of 3rd period - Shot by James Neal.
4:19 of 3rd period - Stopped by Kari Lehtonen with a rebound.
4:21 of 3rd period - Shot by James Neal.
4:21 of 3rd period - Shot Misses the Net.
4:46 of 3rd period - Off-side.
4:47 of 3rd period - Ryan Getzlaf wins face-off versus Joe Thornton in neutral zone.
5:10 of 3rd period - Shot by Joe Thornton.
5:10 of 3rd period - Shot Misses the Net.
5:58 of 3rd period - Shot by Devin Setoguchi.
5:58 of 3rd period - Shot Blocked by Dan Boyle.
6:59 of 3rd period - Dan Boyle is hit by Gregory Campbell.
7:02 of 3rd period - Joe Thornton is hit by Ryan Whitney.
8:13 of 3rd period - Minor Penalty to Braydon Coburn for Slashing.
8:13 of 3rd period - Minor Penalty to Dave Bolland for Holding.
8:14 of 3rd period - Ryan Kesler wins face-off versus Johan Franzen in Ducks zone.
8:23 of 3rd period - Shot by Ryan Kesler.
8:23 of 3rd period - Shot Blocked by Travis Moen.
8:40 of 3rd period - Shot by James Wisniewski.
8:40 of 3rd period - Stopped by Miikka Kiprusoff without a rebound.
8:41 of 3rd period - Ryan Getzlaf wins face-off versus Torrey Mitchell in Ducks zone.
8:50 of 3rd period - Shot by Brenden Morrow.
8:50 of 3rd period - Stopped by Kari Lehtonen without a rebound.
8:51 of 3rd period - Antoine Vermette wins face-off versus Ryan Getzlaf in Sharks zone.
9:18 of 3rd period - Icing by Jay McClement.
9:19 of 3rd period - Ryan Getzlaf wins face-off versus Johan Franzen in Ducks zone.
10:22 of 3rd period - Shot by Kyle Okposo.
10:22 of 3rd period - Shot Misses the Net.
10:24 of 3rd period - Shot by Mike Weaver.
10:24 of 3rd period - Stopped by Miikka Kiprusoff without a rebound.
10:25 of 3rd period - Ryan Kesler wins face-off versus Torrey Mitchell in Ducks zone.
10:33 of 3rd period - Icing by Dan Boyle.
10:34 of 3rd period - Gregory Campbell wins face-off versus Torrey Mitchell in Sharks zone.
10:37 of 3rd period - Shot by Gregory Campbell.
10:37 of 3rd period - Shot Misses the Net.
11:10 of 3rd period - Shot by Kyle Okposo.
11:10 of 3rd period - Shot Blocked by Braydon Coburn.
11:21 of 3rd period - Shot by Kyle Okposo.
11:21 of 3rd period - Stopped by Miikka Kiprusoff with a rebound.
11:53 of 3rd period - Shot by Rick Nash.
11:53 of 3rd period - Shot Misses the Net.
11:55 of 3rd period - Shot by Nicklas Lidstrom.
11:55 of 3rd period - Shot Misses the Net.
11:57 of 3rd period - Shot by Nicklas Lidstrom.
11:57 of 3rd period - Goal by Nicklas Lidstrom - Sharks : 3 - Ducks : 1.
11:58 of 3rd period - Jay McClement wins face-off versus Antoine Vermette in neutral zone.
11:58 of 3rd period - Jay McClement is hit by Antoine Vermette.
11:59 of 3rd period - Minor Penalty to Johan Franzen for Holding Stick.
12:00 of 3rd period - Phil Kessel wins face-off versus Joe Thornton in Sharks zone.
15:33 of 3rd period - Shot by Johan Franzen.
15:33 of 3rd period - Deflect By T.J. Oshie.
15:33 of 3rd period - Stopped by Miikka Kiprusoff without a rebound.
15:34 of 3rd period - Torrey Mitchell wins face-off versus Ryan Kesler in Ducks zone.
15:34 of 3rd period - Nicklas Lidstrom is hit by Braydon Coburn and loses puck.
15:58 of 3rd period - Teemu Selanne is hit by Nicklas Lidstrom and loses puck.
16:24 of 3rd period - Icing by Dan Boyle.
16:25 of 3rd period - Ryan Getzlaf wins face-off versus Joe Thornton in Sharks zone.
16:40 of 3rd period - Nicklas Lidstrom is hit by Ryan Whitney and loses puck.
16:50 of 3rd period - Minor Penalty to Ryan Getzlaf for Tripping.
16:51 of 3rd period - Antoine Vermette wins face-off versus Jay McClement in Ducks zone.
16:51 of 3rd period - Antoine Vermette is hit by Brenden Morrow.
16:53 of 3rd period - Shot by Francois Beauchemin.
16:53 of 3rd period - Stopped by Miikka Kiprusoff without a rebound.
16:54 of 3rd period - Jay McClement wins face-off versus Antoine Vermette in Ducks zone.
17:00 of 3rd period - Icing by James Wisniewski.
17:01 of 3rd period - Gregory Campbell wins face-off versus Antoine Vermette in Sharks zone.
17:52 of 3rd period - Shot by Nicklas Lidstrom.
17:52 of 3rd period - Stopped by Miikka Kiprusoff with a rebound.
17:54 of 3rd period - Shot by Joe Thornton.
17:54 of 3rd period - Shot Misses the Net.
17:58 of 3rd period - Shot by Joe Thornton.
17:58 of 3rd period - Stopped by Miikka Kiprusoff without a rebound.
17:59 of 3rd period - Gregory Campbell wins face-off versus Joe Thornton in Ducks zone.
17:59 of 3rd period - Christian Ehrhoff is hit by Rick Nash and loses puck.
18:23 of 3rd period - Shot by Dan Boyle.
18:23 of 3rd period - Stopped by Miikka Kiprusoff with a rebound.
18:25 of 3rd period - Shot by Nik Antropov.
18:25 of 3rd period - Shot Misses the Net.
18:53 of 3rd period - Shot by Antoine Vermette.
18:53 of 3rd period - Stopped by Miikka Kiprusoff without a rebound.
18:54 of 3rd period - Antoine Vermette wins face-off versus Ryan Kesler in Ducks zone.
19:11 of 3rd period - Shot by Johan Franzen.
19:11 of 3rd period - Shot Misses the Net.
19:50 of 3rd period - Icing by Jay McClement.
19:51 of 3rd period - Joe Thornton wins face-off versus Ryan Kesler in Ducks zone.
Output by the SimonT Hockey Simulator (STHS) for Mathias Vaigur -- Original Page W3C XHTML 1.0 Valid